 Dungeon Crawl Stone Soup version 0.29.1-2-gbd0b4ee654 (webtiles) character file.

Game seed: 658959577557827831

49 fireball365 the Covered (level 3, -2/33 HPs)
             Began as a Minotaur Fighter on Oct 26, 2022.
             Was a Follower of Wu Jian.
             Killed from afar by Terence (6 damage)
             ... with a puff of flame
             ... on level 2 of the Dungeon.
             The game lasted 00:05:41 (1471 turns).

fireball365 the Covered (Minotaur Fighter)          Turns: 1471, Time: 00:05:41

Health: -2/33      AC: 10    Str: 20    XL:     3   Next: 53%
Magic:  2/2        EV:  7    Int:  5    God:    Wu Jian [*.....]
Gold:   119        SH:  0    Dex: 14    Spells: 2/2 levels left

rFire   . . .      SeeInvis .   o - +1 glaive of the Heavens {flame, Contam +Blink rN+ Dex+3}
rCold   . . .      Faith    .   (shield currently unavailable)
rNeg    + . .      Spirit   .   e - +0 chain mail
rPois   .          Reflect  .   (helmet restricted)
rElec   .          Harm     .   (no cloak)
rCorr   .          Rampage  .   (no gloves)
Will    .....                   p - +0 pair of boots
Stlth   ..........              (no amulet)
HPRegen 0.11/turn               (no ring)
MPRegen 0.08/turn               (no ring)

@: about to teleport
A: horns 2, retaliatory headbutt
a: Renounce Religion, Evoke Blink


You were on level 2 of the Dungeon.
You worshipped Wu Jian.
Wu Jian was aware of your devotion.
You visited 1 branch of the dungeon, and saw 2 of its levels.

You collected 119 gold pieces.

Inventory:

Hand Weapons
 a - a +1 war axe
 o - the +1 glaive of the Heavens (weapon) {flame, Contam +Blink rN+ Dex+3}
   (You found it on level 2 of the Dungeon)

   It burns those it strikes, dealing additional fire damage.
   Big, fiery blades are also staple armaments of hydra-hunters.
   Dex:       It affects your dexterity (+3).
   rN:        It protects you from negative energy.
   +Blink:    It lets you blink.
   Contam:    It causes magical contamination when unequipped.
Missiles
 i - 29 stones (quivered)
Armour
 b - a +0 scale mail
 c - a +0 buckler
 e - a +0 chain mail (worn)
 p - a +0 pair of boots (worn)
Scrolls
 j - a scroll of silence {unknown}
 k - 2 scrolls of teleportation
 l - a scroll of immolation {unknown}
 n - a scroll of magic mapping {unknown}
 q - a scroll of vulnerability {unknown}
Potions
 d - a potion of might
 f - a potion of haste {unknown}
 g - 2 potions of magic {unknown}
 h - 2 potions of curing {unknown}
 m - a potion of brilliance {unknown}


   Skills:
 - Level 3.8 Fighting
 - Level 3.5 Axes
 * Level 0.0(2.1) Polearms
 + Level 4.2 Armour
 + Level 4.1 Shields


You had 2 spell levels left.
You didn't know any spells.
Your spell library was empty.

Dungeon Overview and Level Annotations

Branches:
Dungeon (2/15)

Altars:
Wu Jian

Annotations:
D:2 Terence


Innate Abilities, Weirdness & Mutations

You have a pair of horns on your head.
You reflexively headbutt those who attack you in melee.


Message History

There is an ornate altar of the Wu Jian Council here.
You enter the shallow water.
Moving in this stuff is going to be slow.
You open the door.
Found 6 gold pieces.
There is an open door here.
You now have 119 gold pieces (gained 6).
You open the door.
There is an open door here.
Terence zaps a wand.
The puff of flame hits you!
Terence zaps a wand.
The puff of flame hits you.
Terence screams, "I'm going to kill you!"
Terence says, "How do you enjoy it?"
You lunge at Terence.
You closely miss Terence. Terence hits you with a +0 flail.
You barely miss Terence.
Terence zaps a wand.
The puff of flame hits you!
Terence zaps a wand.
The puff of flame hits you but does no damage.
You barely miss Terence. You headbutt Terence, but do no damage.
Terence hits you but does no damage.
You hit Terence. You burn Terence.
Terence is lightly wounded.
Terence barely misses you.
Terence zaps a wand.
The puff of flame hits you.
You barely miss Terence.
Terence is lightly wounded.
Terence closely misses you. You furiously retaliate!
You headbutt Terence. Terence closely misses you.
You hit Terence but do no damage.
Terence is lightly wounded.
Terence zaps a wand.
The puff of flame hits you.
* * * LOW HITPOINT WARNING * * *
You barely miss Terence. You headbutt Terence, but do no damage.
Terence is lightly wounded.
Terence zaps a wand.
The puff of flame hits you.
* * * LOW HITPOINT WARNING * * *
Terence zaps a wand.
The puff of flame hits you.
* * * LOW HITPOINT WARNING * * *
As you read the scroll of teleportation, it crumbles to dust.
You feel strangely unstable.
Terence zaps a wand.
The puff of flame hits you.
You die...

#.........##.~.~~~~≈~≈~~. #..
##.......###.~.~...≈~.≈.~ #..
##.....## #...~...~~.~~. #..
##.@.## #.###....##... #.#
##'## #.# #.##.# ### #.# #.#
#.# #.# .# #.# #.# #.###.##.#
#####.#######.######........#
#..............@@........####
#.###.##..#.....##########
#.# #.##..##....# #.#
#.##..###.#.# #.#
#.........#.# #.#
####........# #.# #..))..#.#
#.######........# #########
#.........###.### #.......#


You could see Terence.

Vanquished Creatures
  An adder (D:2)
  A worm (D:2)
  3 bats
  4 endoplasms
  A giant cockroach (D:2)
  7 goblins
  A hobgoblin (D:1)
  2 jackals (D:2)
  2 quokkas (D:1)
  3 ball pythons
  4 frilled lizards
  2 kobolds
  3 rats
34 creatures vanquished.

Notes
Turn   | Place    | Note
-------+----------+-------------------------------------------
     0 | D:1      | fireball365 the Minotaur Fighter began the quest for the
                  | Orb.
     0 | D:1      | Reached XP level 1. HP: 19/19 MP: 0/0
   304 | D:1      | Reached XP level 2. HP: 25/27 MP: 1/1
   812 | D:2      | Reached XP level 3. HP: 32/33 MP: 2/2
  1062 | D:2      | Identified the +1 glaive of the Heavens {flame, Contam
                  | +Blink rN+ Dex+3}
  1386 | D:2      | Found a faded altar of an unknown god.
  1418 | D:2      | Noticed Terence
  1420 | D:2      | Prayed at the altar of an unknown god.
  1420 | D:2      | Became a worshipper of the Wu Jian Council
  1420 | D:2      | Reached * piety under Wu Jian
  1471 | D:2      | Killed from afar by Terence

Illustrated notes

Levels and vault maps discovered:
D:1:      minmay_arrival_up_and_down, layout_rooms
D:2:      layout_loops_corners, chequers_ecumenical_altar_island, uniq_terence

Skill      XL: |  1  2 |
---------------+-------+-----
Axes           | 3 |  3.5
Armour         | 4 |  4.2
Shields        | 4 |  4.1
Fighting       | |  3.8

Action                   || total
-------------------------++-------
Melee: War axe           ||    54
       Headbutt          ||     6
       Glaive            ||    13
Invok: Lunge             ||     1
  Use: Scroll            ||     3
Armor: Chain mail        ||    54
       Scale mail        ||     4
Dodge: Dodged            ||    38
Block: Buckler           ||    20
